 Dungeon Crawl Stone Soup version 0.30-a0-374-g95c0257040 (webtiles) character file.

Game seed: 8150175803940588804

28 KennySheep the Cudgeller (level 3, -4/32 HPs)
             Began as an Armataur Berserker on Nov 26, 2022.
             Was a Follower of Trog.
             Slain by a gnoll
             ... wielding a +0 spear
              (5 damage)
             ... on level 2 of the Dungeon.
             The game lasted 00:02:06 (1204 turns).

KennySheep the Cudgeller (Armataur Berserker)       Turns: 1204, Time: 00:02:07

Health: -4/32      AC:  4    Str: 24    XL:     3   Next: 0%
Magic:  3/3        EV:  9    Int:  7    God:    Trog [*.....]
Gold:   89         SH:  0    Dex:  9    Spells: 2/2 levels left

rFire   . . .      SeeInvis .    a - +0 mace
rCold   . . .      Faith    .    (no shield)
rNeg    . . .      Spirit   .    b - +0 animal skin
rPois   .          Reflect  .    (no helmet)
rElec   .          Harm     .    (no cloak)
rCorr   .          Roll     +    (no gloves)
Will    .....                    (no barding)
Stlth   +.........               (no amulet)
HPRegen 0.25/turn                (no ring)
MPRegen 0.08/turn                (no ring)

@: no status effects
A: large, rugged brown scales 3, deformed body, armoured tail, roll, long
tongue, awkward tongue
a: Renounce Religion, Berserk


You were on level 2 of the Dungeon.
You worshipped Trog.
Trog was aware of your devotion.
You visited 1 branch of the dungeon, and saw 2 of its levels.

You collected 89 gold pieces.

Inventory:

Hand Weapons
 a - a +0 mace (weapon)
Missiles
 h - a throwing net (quivered)
Armour
 b - a +0 animal skin (worn)
Scrolls
 d - a scroll of immolation {unknown}
 g - a scroll of identify {unknown}
Potions
 c - a potion of brilliance {unknown}
 e - a potion of berserk rage {unknown}
 f - a potion of heal wounds {unknown}


   Skills:
 + Level 2.9 Fighting
 * Level 3.2 Maces & Flails
 + Level 0.9 Throwing
 + Level 2.8 Armour
 - Level 1.3 Dodging


You had 2 spell levels left.
You didn't know any spells.
Your spell library was empty.

Dungeon Overview and Level Annotations

Branches:
Dungeon (2/15)

Altars:


Innate Abilities, Weirdness & Mutations

You are completely covered in rugged brown scales. (AC +3, +7% HP)
Armour fits poorly on your strangely shaped body.
You have a long armoured tail.
You roll when moving toward enemies. (Rampage)
Your long tongue fully drains potion bottles. (2x potion effects)
Your tongue gives you trouble enunciating. (1.5x scroll delay)


Message History

You now have 89 gold pieces (gained 17).
The gnoll shouts!
There are monsters nearby!
There are monsters nearby!
There are monsters nearby!
You roll towards the gnoll!
Found 11 gold pieces.
The gnoll throws a throwing net.
The throwing net hits you.
You become entangled in the net!
You see here a throwing net.
You tear a large gash into the net.
A hobgoblin comes into view.
You shred the net and break free! The gnoll attacks as you move away!
The gnoll hits you with a +0 whip. The gnoll attacks as you move away!
The gnoll barely misses you.
You hit the gnoll.
The gnoll is moderately wounded.
The gnoll hits you with a +0 whip. x2
You barely miss the gnoll.
The gnoll is moderately wounded.
The gnoll barely misses you. The gnoll closely misses you.
You hit the gnoll.
The gnoll is heavily wounded.
The gnoll hits you but does no damage. The gnoll barely misses you.
You barely miss the gnoll.
The gnoll is heavily wounded.
The gnoll hits you with a +0 whip. The gnoll barely misses you.
You hit the gnoll.
Your tail-slap misses the gnoll.
The gnoll is almost dead.
The gnoll hits you with a +0 whip!
The gnoll hits you from afar with a +0 spear!
* * * LOW HITPOINT WARNING * * *
The gnoll hits you from afar with a +0 spear.
* * * LOW HITPOINT WARNING * * *
The gnoll hits you with a +0 whip.
* * * LOW HITPOINT WARNING * * *
You hit the gnoll but do no damage.
The gnoll is almost dead.
The gnoll hits you but does no damage.
The gnoll hits you from afar with a +0 spear.
You die...

## ##....# ....!....... #....#
...........# #....#
##........### #....#
#....g.... # #....# #.........
# #..### #......... # #..#
#.........
#########..##########.........
........†.......@gggg.........
#####..........########......#
# #..........# ####### #
#..........# # #...<......#
#.....<....# #..........#
#..........# #..........#


You could see 3 gnolls and a hobgoblin.

Vanquished Creatures
  A gnoll (D:2)
  A dart slug (D:1)
  2 endoplasms
  A giant cockroach (D:1)
  2 goblins (D:1)
  2 hobgoblins (D:1)
  A quokka (D:1)
  3 ball pythons
  A bat (D:1)
  A frilled lizard (D:2)
  A kobold (D:1)
16 creatures vanquished.

Notes
Turn   | Place    | Note
-------+----------+-------------------------------------------
     0 | D:1      | KennySheep the Armataur Berserker began the quest for the
                  | Orb.
     0 | D:1      | Reached XP level 1. HP: 19/19 MP: 1/1
   192 | D:1      | Reached XP level 2. HP: 22/26 MP: 2/2
   499 | D:1      | Reached skill level 3 in Maces & Flails
  1170 | D:2      | Reached XP level 3. HP: 32/32 MP: 3/3
  1203 | D:2      | HP: 1/32 [gnoll/+0 whip (5)]
  1204 | D:2      | Slain by a gnoll

Illustrated notes

Levels and vault maps discovered:
D:1:      erik_arrival_cave_to_civilisation [erik_arrival_cave_to_hall],
          layout_basic
D:2:      layout_rooms, serial_shops, shop, minmay_misc_feat_four_crosses

Skill      XL: |  1  2 |
---------------+-------+-----
Maces & Flails | 3 |  3.2
Fighting       | |  2.9
Throwing       | |  0.9
Armour         | |  2.8
Dodging        | |  1.3

Action                   || total
-------------------------++-------
Melee: Mace              ||    47
       Tailslap          ||     3
       Punch             ||     1
Armor: Animal skin       ||    15
Dodge: Dodged            ||    34

Table legend: (Time is in decaauts)
 A = Elapsed time spent in this place.
 B = Non-inter-level travel time spent in this place.
 C = Inter-level travel time spent in this place.
 D = Time resting spent in this place.
 E = Time spent auto-exploring this place.
 F = Levels seen in this place.
 G = Mean time per level.
                   A        B        C        D        E       F      G
               +--------+--------+--------+--------+--------+-----+--------+
         Total |   1215 |   1165 |     50 |      0 |   1038 |   2 |  607.5 |
       Dungeon |   1215 |   1165 |     50 |      0 |   1038 |   2 |  607.5 |
               +--------+--------+--------+--------+--------+-----+--------+

Top non-repeatable levels by time:
     D:1: 1127 daAuts
     D:2: 88 daAuts
